 Dungeon Crawl Stone Soup version 0.31-a0-176-g91f28db67f (webtiles) character file.

Game seed: 7605225964443736071

11750 qw the Cleaver (level 11, -2/72 HPs)
             Began as a Gargoyle Fighter on June 17, 2023.
             Was a Priest of Okawaru.
             Slain by a six-headed hydra (12 damage)
             ... on level 2 of the Lair of Beasts.
             The game lasted 00:04:35 (9733 turns).

qw the Cleaver (Gargoyle Fighter)                   Turns: 9733, Time: 00:04:36

Health: -2/72      AC: 31    Str: 25    XL:     11   Next: 82%
Magic:  13/15      EV: 18    Int:  6    God:    Okawaru [***...]
Gold:   367        SH: 11    Dex:  9    Spells: 10/10 levels left

rFire   . . .        o - +2 flail (protect)
rCold   + + .        c - +0 buckler
rNeg    + + .        e - +4 ring mail "Jasyib" {rC+ rN+ Will+ Int-2}
rPois   inf          n - +0 helmet
rElec   +            (no cloak)
rCorr   .            m - +0 pair of gloves
SInv    .            f - +1 pair of boots
Will    +....        j - amulet of reflection
Stlth   ++           g - ring of protection from cold
HPRegen 0.32/turn    s - +5 ring of evasion
MPRegen 0.14/turn

%: reflection
@: about to teleport, heroic, under a protective aura
A: sickness immunity, AC +8, negative energy resistance 1, electricity
resistance, torment resistance 1, petrification resistance
a: Renounce Religion, Heroism


You were on level 2 of the Lair of Beasts.
You worshipped Okawaru.
Okawaru was most pleased with you.
You visited 3 branches of the dungeon, and saw 11 of its levels.

You collected 430 gold pieces.
You spent 63 gold pieces at shops.


Innate Abilities, Weirdness & Mutations

You are immune to sickness and miasma.
Your stone body is resilient. (AC +8)
You are immune to poison.
You resist negative energy. (rN+)
You are resistant to electric shocks. (rElec)
You are resistant to unholy torment.
You are immune to petrification.


   Skills:
 - Level 10.0(15.0) Fighting
 + Level 12.0(17.0) Axes
 - Level 4.3(9.3) Throwing
 - Level 5.3(10.3) Armour
 - Level 2.6(7.6) Dodging
 - Level 6.0(11.0) Shields
 + Level 5.9 Invocations


You had 10 spell levels left.
You didn't know any spells.
Your spell library was empty.

Inventory:

Hand Weapons
 o - a +2 flail of protection (weapon)
 Y - a +2 heavy broad axe
Armour
 c - a +0 buckler (worn)
 e - the +4 ring mail "Jasyib" (worn) {rC+ rN+ Will+ Int-2}
   (You found it on level 7 of the Dungeon)

   Int:       It affects your intelligence (-2).
   rC:        It protects you from cold.
   rN:        It protects you from negative energy.
   Will:      It increases your willpower.
 f - a +1 pair of boots (worn)
 l - a +0 chain mail
 m - a +0 pair of gloves (worn)
 n - a +0 helmet (worn)
Jewellery
 g - a ring of protection from cold (left hand)
 j - an amulet of reflection (around neck)
 r - a ring of ice
 s - a +5 ring of evasion (right hand)
Wands
 k - a wand of digging (8)
Scrolls
 h - 4 scrolls of identify
Potions
 a - a potion of attraction
 b - a potion of resistance
 d - a potion of might
 i - 2 potions of haste

Dungeon Overview and Level Annotations

Branches:
Dungeon (8/15)             Temple (1/1) D:7            Lair (2/5) D:8
  Swamp: Lair:2-3    Shoals: Lair:2-3     Snake: Lair:2-3    Spider: Lair:2-3

Altars:
Ashenzari
Cheibriados
Dithmenos
Elyvilon
Fedhas
Gozag
Hepliaklqana
Kikubaaqudgha
Makhleb
Nemelex Xobeh
Okawaru
Qazlal
Ru
Sif Muna
Trog
Uskayaw
Vehumet
Wu Jian
Xom
Yredelemnul
Zin
The Shining One

Shops:
D:1 (   D:2 [   D:3 *   D:6 (   D:7 :   D:8 :

Annotations:
D:4 1 runed translucent door, qw's ghost, amateur GrFi
D:7 exclusion: shadow imp


Message History

You block the five-headed hydra's attack.
The five-headed hydra closely misses you.
You block the five-headed hydra's attack.
The five-headed hydra bites you but does no damage. x2
You thump the five-headed hydra!
You kill the five-headed hydra!
Okawaru is honoured by your kill.
You can now speed up your combat.
Your base Fighting skill increases to level 10!
You barely miss the six-headed hydra. You thump the six-headed hydra!
The six-headed hydra is moderately wounded.
You block the six-headed hydra's attack. x2
The six-headed hydra bites you but does no damage. x2
The six-headed hydra misses you.
The six-headed hydra bites you but does no damage.
You sock the six-headed hydra!
The six-headed hydra is heavily wounded.
The six-headed hydra barely misses you.
The six-headed hydra bites you but does no damage.
The six-headed hydra closely misses you.
You block the six-headed hydra's attack. x2
The six-headed hydra completely misses you.
You hit the six-headed hydra.
The six-headed hydra is heavily wounded.
The six-headed hydra bites you but does no damage. x2
The six-headed hydra bites you! x2
You block the six-headed hydra's attack. x2
9732 ||| READING scroll of teleportation.
As you read the scroll of teleportation, it crumbles to dust.
You feel strangely unstable.
You feel like a meek peon again.
The six-headed hydra closely misses you.
The six-headed hydra misses you. The six-headed hydra barely misses you.
The six-headed hydra bites you but does no damage. x3
9733 ||| INVOKING Heroism.
You gain the combat prowess of a mighty hero.
You can no longer speed up your combat.
The six-headed hydra bites you but does no damage. x2
The six-headed hydra bites you. The six-headed hydra bites you!
You die...

..# ..# .### ..
#.#.. .. #....
P7 7 #....# ##
.7.77 ....#
#.#...(7(7
#...###D.%.~~..
##...@##7~~~..
#P....# ~D.
###...# 7 #...#
#..## #..#


777 #..##7 77.77 77 #....#7##7...777.7# #....#.##....#..... You could see a
six-headed hydra.

Vanquished Creatures
  Fannar (Lair:1)
  A hydra (Lair:2)
  Erica (Lair:1)
  A two-headed ogre (D:8)
  A boulder beetle (Lair:1)
  A black mamba (Lair:1)
  A torpor snail (D:8)
  Joseph (D:8)
  3 cane toads
  Maggie (D:8)
  3 komodo dragons
  A wyvern (Lair:2)
  2 basilisks
  9 yaks (Lair:1)
  Edmund (D:6)
  2 swamp worms (Lair:2)
  3 wargs (D:8)
  6 water moccasins
  3 sky beasts
  An orc warrior (D:6)
  2 black bears
  3 ogres
  2 phantoms
  3 bullfrogs
  A kobold brigand (D:7)
  8 wights (D:7)
  6 killer bees
  An electric eel (Lair:1)
  2 jellies (D:6)
  2 orc priests
  3 hounds
  A gnoll bouda (D:8)
  7 iguanas
  10 orc wizards
  10 adders
  9 gnolls (D:8)
  3 shadow imps
  An ufetubus (D:5)
  A worm (D:4)
  2 dart slugs
  20 orcs
  3 bats
  10 endoplasms
  A giant cockroach (D:1)
  5 goblins
  11 hobgoblins
  2 jackals (D:2)
  5 quokkas
  5 ball pythons
  2 frilled lizards
  9 kobolds
  10 rats
203 creatures vanquished.

Notes
Turn   | Place    | Note
-------+----------+-------------------------------------------
     0 | D:1      | qw the Gargoyle Fighter began the quest for the Orb.
     0 | D:1      | Reached XP level 1. HP: 14/14 MP: 1/1
     0 | D:1      | 0 ||| qw: Version: 0.3-a-5-g6f28e65
     0 | D:1      | 0 ||| qw: Game counter: 463
     0 | D:1      | 0 ||| qw: Always use a shield: true
     0 | D:1      | 0 ||| qw: God list: Okawaru
     0 | D:1      | 0 ||| qw: Allow faded altars: false
     0 | D:1      | 0 ||| qw: Do Orc after D:15 true
     0 | D:1      | 0 ||| qw: Do second Lair branch before Depths: true
     0 | D:1      | 0 ||| qw: Lair rune preference: random
     0 | D:1      | 0 ||| qw: Plans: Normal, Zot:1-4, Slime:5, God:TSO, Crypt,
                  | Tomb, Abyss, Pan, Hells, Win
     0 | D:1      | 0 ||| PLANNING D:1-11
    30 | D:1      | Reached skill level 2 in Axes
    45 | D:1      | Found Uhib's Weapon Shop.
    48 | D:1      | 48 ||| SHOPLISTING +0 whip (35 gold, have 0).
    73 | D:1      | 73 ||| Stepping ~*~*~tactically~*~*~ (stealth).
    93 | D:1      | Reached XP level 2. HP: 19/19 MP: 2/2
   484 | D:1      | Reached skill level 3 in Axes
   539 | D:1      | 539 ||| Stepping ~*~*~tactically~*~*~ (stealth).
   553 | D:1      | Reached XP level 3. HP: 20/23 MP: 3/3
   896 | D:1      | 896 ||| UPGRADING to ring of protection from cold.
   897 | D:1      | 897 ||| READING 2 scrolls labelled GELLEU POCYIBB.
   898 | D:1      | 898 ||| DROPPING scroll of vulnerability.
  1000 | D:2      | 1000 ||| Stepping ~*~*~tactically~*~*~ (hiding).
  1016 | D:2      | 1016 ||| Stepping ~*~*~tactically~*~*~ (stealth).
  1017 | D:2      | 1017 ||| Stepping ~*~*~tactically~*~*~ (stealth).
  1018 | D:2      | 1018 ||| Stepping ~*~*~tactically~*~*~ (stealth).
  1030 | D:2      | 1030 ||| Stepping ~*~*~tactically~*~*~ (stealth).
  1035 | D:2      | 1035 ||| Stepping ~*~*~tactically~*~*~ (stealth).
  1064 | D:2      | 1064 ||| DROPPING +0 whip.
  1158 | D:2      | 1158 ||| Stepping ~*~*~tactically~*~*~ (hiding).
  1161 | D:2      | 1161 ||| Stepping ~*~*~tactically~*~*~ (hiding).
  1251 | D:2      | 1251 ||| Stepping ~*~*~tactically~*~*~ (stealth).
  1263 | D:2      | Reached XP level 4. HP: 27/28 MP: 4/4
  1266 | D:2      | Reached skill level 4 in Axes
  1479 | D:2      | Found Necidghego's Armour Emporium.
  1497 | D:2      | 1497 ||| SHOPLISTING +0 pair of boots (63 gold, have 62).
  1497 | D:2      | 1497 ||| SHOPLISTING +1 pair of boots (161 gold, have 62).
  1497 | D:2      | 1497 ||| SHOPLISTING +2 pair of boots "Woisum" {Harm Regen+
                  | Str-3} (212 gold, have 62).
  1498 | D:2      | 1498 ||| Stepping ~*~*~tactically~*~*~ (stealth).
  1500 | D:2      | 1500 ||| Stepping ~*~*~tactically~*~*~ (stealth).
  1511 | D:2      | 1511 ||| Stepping ~*~*~tactically~*~*~ (stealth).
  1752 | D:2      | 1752 ||| DROPPING ring of wizardry.
  1753 | D:2      | 1753 ||| READING scroll labelled TOALIS HAATEM.
  1757 | D:2      | 1757 ||| READING scroll labelled CAGHANKICHO.
  1758 | D:2      | 1758 ||| READING scroll labelled BASKAGG ZAUG.
  1759 | D:2      | 1759 ||| DRINKING 2 cyan potions.
  1760 | D:2      | 1760 ||| DROPPING potion of degeneration.
  1907 | D:3      | Found an ornate altar of the Wu Jian Council.
  1922 | D:3      | Found Ukut Hae's General Store.
  1927 | D:3      | 1927 ||| Stepping ~*~*~tactically~*~*~ (stealth).
  1928 | D:3      | 1928 ||| Stepping ~*~*~tactically~*~*~ (stealth).
  1929 | D:3      | 1929 ||| Stepping ~*~*~tactically~*~*~ (stealth).
  1943 | D:3      | 1943 ||| BUYING +0 chain mail (63 gold).
  1943 | D:3      | Bought a +0 chain mail for 63 gold pieces
  1943 | D:3      | 1943 ||| SHOPLISTING +0 ring mail of cold resistance (154
                  | gold, have 10).
  1943 | D:3      | 1943 ||| SHOPLISTING 2 potions of cancellation (224 gold,
                  | have 10).
  1943 | D:3      | 1943 ||| SHOPLISTING potion of heal wounds (70 gold, have
                  | 10).
  1943 | D:3      | 1943 ||| SHOPLISTING scroll of enchant armour (105 gold,
                  | have 10).
  1943 | D:3      | 1943 ||| SHOPLISTING scroll of enchant weapon (105 gold,
                  | have 10).
  2029 | D:3      | Found a shimmering altar of Xom.
  2102 | D:3      | Found a hazy altar of Hepliaklqana.
  2141 | D:3      | Found a faded altar of an unknown god.
  2159 | D:3      | 2159 ||| Stepping ~*~*~tactically~*~*~ (stealth).
  2168 | D:3      | 2168 ||| Stepping ~*~*~tactically~*~*~ (stealth).
  2170 | D:3      | 2170 ||| Stepping ~*~*~tactically~*~*~ (stealth).
  2430 | D:3      | 2430 ||| UPGRADING to +0 chain mail.
  2440 | D:3      | 2440 ||| DROPPING +0 scale mail.
  2441 | D:3      | 2441 ||| READING scroll labelled BANKILI XIESHE.
  2442 | D:3      | 2442 ||| READING scroll labelled VUMASUCINO.
  2443 | D:3      | 2443 ||| READING 3 scrolls labelled WUICOKYOKO.
  2444 | D:3      | 2444 ||| READING 3 scrolls of identify.
  2444 | D:3      | 2444 ||| IDENTIFYING golden potion
  2445 | D:3      | 2445 ||| DROPPING 2 scrolls of blinking.
  2550 | D:4      | Reached XP level 5. HP: 15/32 MP: 5/5
  2771 | D:4      | Noticed a water moccasin
  2785 | D:4      | Killed a water moccasin
  2786 | D:4      | Reached skill level 5 in Axes
  2786 | D:4      | Reached XP level 6. HP: 32/37 MP: 6/6
  2818 | D:4      | Found a runed translucent door.
  2818 | D:4      | Noticed qw's ghost (amateur GrFi)
  2902 | D:4      | 2902 ||| Stepping ~*~*~tactically~*~*~ (hiding).
  2903 | D:4      | 2903 ||| Stepping ~*~*~tactically~*~*~ (hiding).
  2906 | D:4      | 2906 ||| Stepping ~*~*~tactically~*~*~ (hiding).
  3156 | D:4      | 3156 ||| Stepping ~*~*~tactically~*~*~ (stealth).
  3165 | D:4      | 3165 ||| DROPPING +0 mace.
  3166 | D:4      | 3166 ||| Stepping ~*~*~tactically~*~*~ (stealth).
  3188 | D:4      | HP: 9/38 [orc priest/+0 flail (3)]
  3189 | D:4      | 3189 ||| READING scroll of teleportation.
  3190 | D:4      | 3190 ||| DRINKING 2 potions of heal wounds.
  3326 | D:4      | 3326 ||| Stepping ~*~*~tactically~*~*~ (stealth).
  3327 | D:4      | 3327 ||| Stepping ~*~*~tactically~*~*~ (stealth).
  3408 | D:4      | Reached skill level 6 in Axes
  3910 | D:4      | 3910 ||| UPGRADING to +1 pair of boots.
  3915 | D:4      | 3915 ||| UPGRADING to +0 pair of gloves.
  3920 | D:4      | 3920 ||| READING scroll labelled URIHAPRECVA.
  3921 | D:4      | 3921 ||| READING scroll labelled IWNIUKIG MUFF.
  3921 | D:4      | Identified a scroll of acquirement
  3921 | D:4      | 3921 ||| ACQUIRING +0 heavy broad axe
  3921 | D:4      | Acquired a +0 heavy broad axe
  3923 | D:4      | 3923 ||| SWAPPING to +0 heavy broad axe.
  3924 | D:4      | 3924 ||| DROPPING +1 war axe.
  3925 | D:4      | 3925 ||| DRINKING 2 lumpy golden potions.
  3926 | D:4      | 3926 ||| READING 3 scrolls of identify.
  3926 | D:4      | 3926 ||| IDENTIFYING green potion
  3946 | D:5      | Entered Level 5 of the Dungeon
  3969 | D:5      | Reached skill level 1 in Dodging
  4083 | D:5      | Found a shadowy altar of Dithmenos.
  4333 | D:5      | Found a snail-covered altar of Cheibriados.
  4431 | D:5      | Reached XP level 7. HP: 25/43 MP: 7/7
  4722 | D:5      | 4722 ||| UPGRADING to +0 helmet.
  4756 | D:6      | 4756 ||| PLANNING SEWER
  4962 | D:6      | Reached skill level 7 in Axes
  5031 | D:6      | 5031 ||| Stepping ~*~*~tactically~*~*~ (stealth).
  5038 | D:6      | 5038 ||| Stepping ~*~*~tactically~*~*~ (stealth).
  5043 | D:6      | 5043 ||| Stepping ~*~*~tactically~*~*~ (hiding).
  5043 | D:6      | Found a glowing silver altar of Zin.
  5069 | D:6      | Reached XP level 8. HP: 49/50 MP: 8/8
  5168 | D:6      | 5168 ||| READING scroll of enchant weapon.
  5168 | D:6      | 5168 ||| ENCHANTING +0 heavy broad axe.
  5187 | D:6      | Noticed Edmund
  5213 | D:6      | Killed Edmund
  5277 | D:6      | 5277 ||| DROPPING +0 flail.
  5305 | D:6      | HP: 6/50 [orc warrior/+0 dire flail (8)]
  5306 | D:6      | 5306 ||| DRINKING potion of heal wounds.
  5421 | D:6      | 5421 ||| RIP SEWER
  5431 | D:6      | 5431 ||| PLANNING D:1-11
  6060 | D:6      | Found Yros's Antique Weapon Shoppe.
  6134 | D:6      | Reached skill level 8 in Axes
  6135 | D:6      | 6135 ||| READING scroll labelled HIZXASCHUIHEMN.
  6136 | D:6      | 6136 ||| READING scroll labelled SOIPUO EN NIAMERPH.
  6171 | D:7      | 6171 ||| STAIRDANCE
  6185 | D:6      | Reached skill level 6 in Fighting
  6203 | D:7      | 6203 ||| STAIRDANCE
  6209 | D:6      | HP: 12/51 [killer bee (2)]
  6213 | D:6      | Reached XP level 9. HP: 15/55 MP: 9/9
  6217 | D:6      | HP: 10/55 [killer bee (6)]
  6379 | D:7      | 6379 ||| Stepping ~*~*~tactically~*~*~ (stealth).
  6384 | D:7      | 6384 ||| Stepping ~*~*~tactically~*~*~ (hiding).
  6393 | D:7      | Reached skill level 9 in Axes
  6521 | D:7      | Found a staircase to the Ecumenical Temple.
  6522 | D:7      | 6522 ||| PLANNING TEMPLE
  6530 | Temple   | Entered the Ecumenical Temple
  6563 | Temple   | 6563 ||| PLANNING OKAWARU WORSHIP
  6571 | Temple   | Became a worshipper of Warmaster Okawaru
  6572 | Temple   | 6572 ||| PLANNING D:1-11
  6713 | D:7      | 6713 ||| READING scroll of enchant weapon.
  6713 | D:7      | 6713 ||| ENCHANTING +1 heavy broad axe.
  6769 | D:7      | Identified the +4 ring mail "Jasyib" {rC+ rN+ Will+ Int-2}
  6775 | D:7      | Found a flagged portal.
  6783 | D:7      | Identified the +7 hand axe of Armageddon {antimagic, rC+
                  | Int+4}
  6784 | D:7      | Found Teubisya's Book Shop.
  6883 | D:7      | 6883 ||| UPGRADING to +4 ring mail "Jasyib" {rC+ rN+ Will+
                  | Int-2}.
  6978 | D:7      | 6978 ||| Stepping ~*~*~tactically~*~*~ (stealth).
  7075 | D:7      | Found an opulent altar of Gozag.
  7252 | D:7      | Found a sacrificial altar of Ru.
  7335 | D:7      | 7335 ||| READING scroll labelled BUIPEA NUIRAG.
  7336 | D:7      | 7336 ||| READING 3 scrolls of identify.
  7336 | D:7      | 7336 ||| IDENTIFYING orange potion
  7337 | D:7      | 7337 ||| READING 2 scrolls of identify.
  7337 | D:7      | 7337 ||| IDENTIFYING lumpy emerald potion
  7338 | D:7      | 7338 ||| DROPPING potion of invisibility.
  7373 | D:8      | 7373 ||| Stepping ~*~*~tactically~*~*~ (stealth).
  7382 | D:8      | Reached * piety under Okawaru
  7383 | D:8      | 7383 ||| Stepping ~*~*~tactically~*~*~ (hiding).
  7384 | D:8      | 7384 ||| Stepping ~*~*~tactically~*~*~ (hiding).
  7394 | D:8      | Reached skill level 1 in Invocations
  7406 | D:8      | Found a staircase to the Lair.
  7458 | D:8      | Noticed a two-headed ogre
  7459 | D:8      | 7459 ||| INVOKING Heroism.
  7464 | D:8      | HP: 10/57 [two-headed ogre/+0 giant club (15)]
  7465 | D:8      | 7465 ||| READING scroll of teleportation.
  7466 | D:8      | 7466 ||| DRINKING potion of heal wounds.
  7762 | D:8      | Noticed Joseph
  7766 | D:8      | Killed Joseph
  7767 | D:8      | Reached skill level 10 in Axes
  7767 | D:8      | Reached skill level 3 in Invocations
  7767 | D:8      | Reached XP level 10. HP: 62/63 MP: 10/12
  7863 | D:8      | Found a burning altar of Makhleb.
  7890 | D:8      | 7890 ||| INVOKING Heroism.
  7892 | D:8      | 7892 ||| Stepping ~*~*~tactically~*~*~ (stealth).
  7923 | D:8      | 7923 ||| INVOKING Heroism.
  7926 | D:8      | Killed a two-headed ogre
  7926 | D:8      | Reached ** piety under Okawaru
  7987 | D:8      | Identified the +2 quarterstaff of Exquisite Torment {flame,
                  | rPois rF+}
  8013 | D:8      | Found Samo's Tremendous Tomes.
  8070 | D:8      | Noticed Maggie
  8071 | D:8      | 8071 ||| Stepping ~*~*~tactically~*~*~ (hiding).
  8072 | D:8      | 8072 ||| Stepping ~*~*~tactically~*~*~ (hiding).
  8083 | D:8      | Killed Maggie
  8344 | D:8      | 8344 ||| Stepping ~*~*~tactically~*~*~ (stealth).
  8513 | D:8      | 8513 ||| PLANNING LAIR
  8513 | D:8      | 8513 ||| UPGRADING to amulet of reflection.
  8518 | D:8      | 8518 ||| DRINKING 2 fuming cyan potions.
  8521 | D:8      | 8521 ||| DROPPING potion of ambrosia.
  8582 | Lair:1   | Entered Level 1 of the Lair of Beasts
  8589 | Lair:1   | Noticed a torpor snail
  8589 | Lair:1   | 8589 ||| FLEEEEING.
  8601 | Lair:1   | Reached *** piety under Okawaru
  8606 | Lair:1   | 8606 ||| FLEEEEING.
  8607 | Lair:1   | 8607 ||| STAIRDANCE
  8652 | Lair:1   | 8652 ||| STAIRDANCE
  8654 | D:8      | 8654 ||| INVOKING Heroism.
  8657 | D:8      | Killed a torpor snail
  8672 | Lair:1   | Noticed Fannar
  8673 | Lair:1   | 8673 ||| Stepping ~*~*~tactically~*~*~ (stealth).
  8676 | Lair:1   | 8676 ||| Stepping ~*~*~tactically~*~*~ (hiding).
  8677 | Lair:1   | 8677 ||| Stepping ~*~*~tactically~*~*~ (hiding).
  8690 | Lair:1   | Killed Fannar
  8690 | Lair:1   | Received a gift from Okawaru
  8706 | Lair:1   | 8706 ||| INVOKING Heroism.
  8708 | Lair:1   | Noticed a black mamba
  8712 | Lair:1   | Reached skill level 11 in Axes
  8715 | Lair:1   | Reached XP level 11. HP: 59/69 MP: 12/14
  8717 | Lair:1   | Reached skill level 9 in Fighting
  8721 | Lair:1   | 8721 ||| FLEEEEING.
  8723 | Lair:1   | 8723 ||| FLEEEEING.
  8724 | Lair:1   | 8724 ||| FLEEEEING.
  8725 | Lair:1   | 8725 ||| FLEEEEING.
  8726 | Lair:1   | 8726 ||| FLEEEEING.
  8757 | Lair:1   | 8757 ||| INVOKING Heroism.
  8883 | Lair:1   | 8883 ||| INVOKING Heroism.
  9038 | Lair:1   | 9038 ||| INVOKING Heroism.
  9042 | Lair:1   | Reached skill level 3 in Throwing
  9066 | Lair:1   | Noticed a boulder beetle
  9067 | Lair:1   | 9067 ||| INVOKING Heroism.
  9075 | Lair:1   | Killed a boulder beetle
  9075 | Lair:1   | Reached **** piety under Okawaru
  9216 | Lair:1   | 9216 ||| INVOKING Heroism.
  9303 | Lair:1   | Noticed Erica
  9304 | Lair:1   | 9304 ||| INVOKING Heroism.
  9308 | Lair:1   | Killed Erica
  9308 | Lair:1   | Received a gift from Okawaru
  9463 | Lair:1   | 9463 ||| UPGRADING to +5 ring of evasion.
  9556 | Lair:2   | 9556 ||| INVOKING Heroism.
  9562 | Lair:2   | Reached skill level 12 in Axes
  9571 | Lair:2   | Found a basalt altar of Yredelemnul.
  9593 | Lair:2   | 9593 ||| Stepping ~*~*~tactically~*~*~ (stealth).
  9611 | Lair:2   | 9611 ||| INVOKING Heroism.
  9692 | Lair:2   | 9692 ||| INVOKING Heroism.
  9698 | Lair:2   | 9698 ||| Stepping ~*~*~tactically~*~*~ (hiding).
  9699 | Lair:2   | 9699 ||| Stepping ~*~*~tactically~*~*~ (hiding).
  9708 | Lair:2   | Reached skill level 6 in Shields
  9711 | Lair:2   | Noticed a five-headed hydra
  9711 | Lair:2   | Noticed a six-headed hydra
  9713 | Lair:2   | 9713 ||| Stepping ~*~*~tactically~*~*~ (stealth).
  9718 | Lair:2   | 9718 ||| SWAPPING to +2 flail of protection.
  9727 | Lair:2   | Killed a five-headed hydra
  9731 | Lair:2   | HP: 11/72 [six-headed hydra (8)]
  9732 | Lair:2   | 9732 ||| READING scroll of teleportation.
  9733 | Lair:2   | 9733 ||| INVOKING Heroism.
  9733 | Lair:2   | Slain by a six-headed hydra

Levels and vault maps discovered:
D:1:      wander_arrival_fairy_ring, layout_loops_corners, serial_shops,
          nicolae_shop_behind_doors
D:2:      minmay_angry_zag, layout_basic, serial_shops, shop,
          minmay_randomly_rotated_circles
D:3:      layout_basic, mainiacjoe_overflow_cross_hatched,
          nicolae_overflow_crystal_walls, nzn_wu_jian_council_hall,
          serial_shops, shop, hellmonk_ecumenical_altar_leap_of_faith
D:4:      layout_basic, gammafunk_ghost_grave, serial_bayou_crossing
D:5:      layout_gridville, kennysheep_slug_shrine,
          nicolae_dithmenos_shadow_blocks
D:6:      layout_basic, amcnicky_altar_gilded, serial_shops, kennysheep_mini,
          gup_sewer_entry_glass, minmay_a_box_with_orc_wizards_in_it,
          uniq_edmund
D:7:      layout_rooms, mainiacjoe_overflow_large_starburst,
          minmay_temple_entry_overgrown, enter_bailey_2, serial_shops, shop
D:8:      layout_loops_corners, mainiacjoe_overflow_tiny_flanked,
          erik_lair_orcish_takeover, nicolae_shop_i_like_big_books, uniq_joseph,
          uniq_maggie
Temple:   nicolae_temple_god_jail
Lair:1:   layout_chaotic_city, infiniplex_staircase_pool_2, uniq_erica,
          uniq_fannar
Lair:2:   layout_layer_cave, palyth_hydra_swamp_entry,
          spider_nest_entry_funnel_web, basic_altar,
          nicolae_quartered_pool_little, lemuel_fruit_tree

Skill      XL: |  1  2  3  4  5  6  7  8  9 10 11 |
---------------+----------------------------------+-----
Axes           | 2 3 4 5 6 7 8 10 11 12 | 12.0
Fighting       | 4 5 6 7 8 10 | 10.0
Dodging        | 1 2 |  2.6
Armour         | 4 5 |  5.3
Throwing       | 2 4 |  4.3
Shields        | 4 5 6 |  6.0
Invocations    | 3 4 5 |  5.9

Action                     |  1- 3 |  4- 6 |  7- 9 | 10-12 || total
---------------------------+-------+-------+-------+-------++-------
  Melee: War axe           |    96 |   201 |       |       ||   297
         Broad axe         |       |    22 |   200 |   123 ||   345
         Flail             |       |       |       |    12 ||    12
  Throw: Boomerang         |       |     3 |    23 |       ||    26
         Javelin           |       |       |       |    21 ||    21
 Invoke: Heroism           |       |       |     1 |    14 ||    15
    Use: Scroll            |     1 |    11 |     8 |     1 ||    21
         Potion            |       |     3 |     2 |     1 ||     6
 Armour: Scale mail        |    49 |    41 |       |       ||    90
         Chain mail        |       |    90 |   163 |       ||   253
         Ring mail         |       |       |    25 |    70 ||    95
  Dodge: Dodged            |    39 |    71 |   118 |    82 ||   310
  Block: Buckler           |    23 |    37 |    56 |    59 ||   175

Table legend:
 A = Non-vault XP
 B = Vault XP
 C = Vault XP percentage of total XP
 D = Non-vault monster count
 E = Vault monster count
 F = Vault count percentage of total count
                 A         B        C        D         E       F
            +---------+---------+-------+---------+---------+-------
      Total |   12111 |    4675 |  27.9 |     174 |      29 |  14.3
            +---------+---------+-------+---------+---------+-------
        D:1 |      36 |       0 |   0.0 |      22 |       0 |   0.0
        D:2 |      53 |      37 |  41.1 |      17 |       8 |  32.0
        D:3 |      32 |       0 |   0.0 |      12 |       0 |   0.0
        D:4 |     380 |       0 |   0.0 |      23 |       0 |   0.0
        D:5 |     135 |       4 |   2.9 |      12 |       1 |   7.7
        D:6 |    1435 |     308 |  17.7 |      22 |       5 |  18.5
        D:7 |    1225 |       0 |   0.0 |      21 |       0 |   0.0
        D:8 |    1723 |    1379 |  44.5 |      17 |       9 |  34.6
     Lair:1 |    5356 |    1715 |  24.3 |      21 |       2 |   8.7
     Lair:2 |    1736 |    1232 |  41.5 |       7 |       4 |  36.4
            +---------+---------+-------+---------+---------+-------
